 Dungeon Crawl Stone Soup version 0.26.1-11-gd32895ea62 (webtiles) character file.

Game seed: 10612254555235355973

3237 Zeld the Cleaver (level 9, -2/58 HPs)
             Began as an Octopode Fighter on May 17, 2021.
             Was a Priest of Okawaru.
             Slain by a two-headed ogre
             ... wielding a +0 giant spiked club
              (16 damage)
             ... on level 8 of the Dungeon.
             The game lasted 00:12:00 (13135 turns).

Zeld the Cleaver (Octopode Fighter)                Turns: 13135, Time: 00:12:01

Health: -2/58      AC:  1    Str: 18    XL:     9   Next: 98%
Magic:  9/9        EV: 12    Int: 10    God:    Okawaru [***...]
Gold:   395        SH:  9    Dex: 12    Spells: 8/8 levels left

rFire    + . .     SeeInvis +   a - +1 war axe
rCold    . . .     Faith    .   b - +0 kite shield
rNeg     + . .     Spirit   .   (helmet restricted)
rPois    .         Reflect  .   (no amulet)
rElec    .         Harm     .   p - ring of protection from fire
rCorr    .         Rampage  .   B - ring of positive energy
Will     .....                  g - ring of see invisible
Stlth    +++.......             t - ring of stealth
HPRegen  0.19/turn              (no ring)
MPRegen  0.11/turn              (no ring)
                                (no ring)
                                (no ring)

@: no status effects
A: almost no armour, stealthy swim, amphibious, 8 rings, constrict 8, camouflage
1, gelatinous body 1
a: Renounce Religion, Heroism


You were on level 8 of the Dungeon.
You worshipped Okawaru.
Okawaru was most pleased with you.
You visited 2 branches of the dungeon, and saw 9 of its levels.
You also visited: Ossuary.

You collected 570 gold pieces.
You spent 175 gold pieces at shops.

Inventory:

Hand Weapons
 a - a +1 war axe (weapon)
Missiles
 h - 2 curare-tipped darts
 i - 4 javelins
 n - 14 boomerangs
 r - 5 datura-tipped darts
 s - 6 poisoned darts (quivered)
Armour
 b - a +0 kite shield (worn)
Jewellery
 g - a ring of see invisible (on tentacle)
 p - a ring of protection from fire (left tentacle)
 t - a ring of stealth (on tentacle)
 B - a ring of positive energy (right tentacle)
Scrolls
 d - a scroll of fear
 f - 5 scrolls of teleportation
 q - 3 scrolls of remove curse
 y - a scroll of magic mapping
 z - a scroll of random uselessness {unknown}
 A - a scroll of enchant armour {unknown}
 C - a scroll of amnesia {unknown}
 D - 2 scrolls of vulnerability {unknown}
Potions
 c - 2 potions of might
 e - 7 potions of haste
 j - a potion of flight
 k - 3 potions of brilliance {unknown}
 l - a potion of attraction {unknown}
 m - 3 potions of curing {unknown}
 o - a potion of magic {unknown}
 u - 3 potions of lignification {unknown}
 v - a potion of berserk rage {unknown}
 w - a potion of heal wounds


   Skills:
 + Level 3.7 Fighting
 * Level 11.7 Axes
 - Level 6.0 Throwing
 - Level 3.0 Dodging
 * Level 3.7 Shields
 + Level 0.0 Invocations


You had 8 spell levels left.
You didn't know any spells.
Your spell library was empty.

Dungeon Overview and Level Annotations

Branches:
Dungeon (8/15)             Temple (1/1) D:4            Lair (0/6) D:8
Ossuary (visited)

Altars:
Ashenzari
Cheibriados
Dithmenos
Elyvilon
Fedhas
Gozag
Hepliaklqana
Kikubaaqudgha
Makhleb
Nemelex Xobeh
Okawaru
Qazlal
Ru
Sif Muna
Trog
Uskayaw
Vehumet
Wu Jian
Xom
Yredelemnul
Zin
The Shining One

Shops:
D:5 *

Annotations:
D:7 exclusions: bullfrog and 2 killer bees
D:8 1 runed translucent door, Psyche


Innate Abilities, Weirdness & Mutations

You cannot wear most types of armour.
You are very stealthy in the water. (Stealth+)
You are amphibious.
You can wear up to eight rings at the same time.
You can use your tentacles to constrict eight enemies at once.
Your skin changes colour to match your surroundings (Stealth+).
Your rubbery body absorbs attacks. (AC +1, EV +1)


Message History

The two-headed ogre barely misses you. You block the two-headed ogre's attack.
You throw a poisoned dart.
The poisoned dart hits the two-headed ogre.
The two-headed ogre looks even sicker.
The two-headed ogre is heavily wounded.
The two-headed ogre looks more healthy.
You hit the two-headed ogre but do no damage.
The two-headed ogre is severely wounded.
The two-headed ogre hits you with a +0 giant spiked club!
The two-headed ogre hits you with a +0 giant spiked club!!
You are too injured to fight recklessly!
You are too injured to fight recklessly!
Unknown command.
Unknown command.
You hit the two-headed ogre but do no damage.
The two-headed ogre is severely wounded.
The two-headed ogre hits you with a +0 giant spiked club!
* * * LOW HITPOINT WARNING * * *
The two-headed ogre hits you with a +0 giant spiked club!
You die...

* ******#......#
######.# #.# #.# #.#
###.# ###...#
########...###
****#.@O.....###
#..........###
#..#.#.#.###
#........# *
*#..#.#.#.# **
**#.........# ,**
***,..#.#.#.#.#
,,****,,,###.......#
*,,*,,,*** *********


You could see a two-headed ogre.

Vanquished Creatures
  An ice beast (D:7)
  2 orc warriors
  A phantom (D:7)
  A black bear (D:8)
  2 sky beasts (D:5)
  3 centaurs
  3 ogres
  2 elf zombies (Ossuary)
  A bullfrog (D:8)
  A wyvern zombie (D:8)
  3 scorpions
  8 wights
  A gnoll shaman (D:4)
  2 bullfrog zombies
  6 hounds
  2 orc priests (D:3)
  A human zombie (Ossuary)
  A jelly (D:8)
  A bullfrog skeleton (D:8)
  A centaur skeleton (D:4)
  2 iguanas
  7 orc wizards
  4 worker ants
  4 hound zombies
  4 mummies (Ossuary)
  A howler monkey skeleton (D:6)
  12 gnolls
  12 adders
  3 shadow imps
  A white imp (D:7)
  2 ufetubi
  3 adder zombies
  4 worms
  3 dart slugs
  5 leopard geckos
  39 orcs
  A bat zombie (D:4)
  11 giant cockroaches
  11 goblins
  7 hobgoblins
  6 jackals (D:1)
  8 quokkas
  2 ball pythons
  12 bats
  3 frilled lizards
  2 hobgoblin zombies (Ossuary)
  A jackal skeleton (D:4)
  8 kobolds
  2 kobold zombies (Ossuary)
  A quokka skeleton (D:8)
  6 rats
230 creatures vanquished.

Notes
Turn   | Place    | Note
-------+----------+-------------------------------------------
     0 | D:1      | Zeld the Octopode Fighter began the quest for the Orb.
     0 | D:1      | Reached XP level 1. HP: 16/16 MP: 1/1
   182 | D:1      | Reached XP level 2. HP: 10/21 MP: 2/2
   843 | D:1      | Reached XP level 3. HP: 24/26 MP: 3/3
  1304 | D:2      | Reached XP level 4. HP: 30/33 MP: 4/4
  1538 | D:2      | You fall into a shaft and drop 2 floors!
  1541 | D:4      | Reached skill level 3 in Axes
  1947 | D:4      | Found a staircase to the Ecumenical Temple.
  1958 | D:4      | Reached skill level 1 in Throwing
  1958 | D:4      | Reached XP level 5. HP: 30/37 MP: 5/5
  1978 | Temple   | Entered the Ecumenical Temple
  2094 | Temple   | Became a worshipper of Warmaster Okawaru
  2416 | D:2      | Reached skill level 4 in Axes
  2431 | D:2      | Reached XP level 6. HP: 30/43 MP: 6/6
  4301 | D:4      | Found an ancient bone altar of Kikubaaqudgha.
  4425 | D:4      | Reached * piety under Okawaru
  4426 | D:4      | Reached skill level 5 in Axes
  4494 | D:4      | Reached XP level 7. HP: 47/47 MP: 7/7
  4645 | D:5      | Entered Level 5 of the Dungeon
  4785 | D:5      | Found Lecinung's Assorted Antiques.
  4793 | D:5      | Bought a scroll labelled KYS HEYLISIMMI for 25 gold pieces
  4793 | D:5      | Bought a scroll labelled RIMNIE FOMOBU for 25 gold pieces
  4793 | D:5      | Bought a potion of heal wounds for 125 gold pieces
  5192 | D:5      | Found a bloodstained altar of Trog.
  5203 | D:5      | Reached skill level 5 in Throwing
  5355 | D:5      | Reached skill level 6 in Axes
  5741 | D:5      | Reached XP level 8. HP: 50/54 MP: 8/8
  6788 | D:5      | Found a hazy altar of Hepliaklqana.
  7009 | D:6      | Found a stormy altar of Qazlal.
  7009 | D:6      | Found a hide-covered altar of Uskayaw.
  7009 | D:6      | Found a shimmering altar of Xom.
  7009 | D:6      | Found a glowing golden altar of the Shining One.
  7018 | D:6      | Found a basalt altar of Yredelemnul.
  7018 | D:6      | Found a snail-covered altar of Cheibriados.
  7158 | D:6      | Reached ** piety under Okawaru
  7159 | D:6      | Reached skill level 7 in Axes
  7958 | D:7      | Reached skill level 8 in Axes
  8701 | D:7      | Reached skill level 9 in Axes
  8701 | D:7      | Reached XP level 9. HP: 50/58 MP: 9/9
  9582 | D:8      | Found a runed translucent door.
  9599 | D:8      | Found a sand-covered staircase.
  9606 | Ossuary  | Entered an ossuary
  9621 | Ossuary  | Reached skill level 10 in Axes
 11452 | D:8      | Reached *** piety under Okawaru
 11453 | D:8      | Reached skill level 11 in Axes
 12049 | D:8      | Found a stormy altar of Qazlal.
 12143 | D:8      | Noticed a two-headed ogre
 12157 | D:8      | Found a shadowy altar of Dithmenos.
 13045 | D:8      | Found a staircase to the Lair.
 13096 | D:8      | Noticed Psyche
 13135 | D:8      | Slain by a two-headed ogre

Illustrated notes

Levels and vault maps discovered:
D:1:      tarquinn_simple_flora_water_a, layout_basic, corexii_hall_statues_i
D:2:      layout_loops_ring, minmay_heptomino_o4
D:3:      layout_basic
D:4:      minmay_chambers_of_threes, layout_rooms,
          lemuel_zombie_altar_kikubaaqudgha, minmay_temple_entry_glass,
          kennysheep_generic_room_13
D:5:      layout_gridville, nzn_hepliaklqana_mist_gate, serial_shops, shop,
          amcnicky_altar_gilded
D:6:      layout_cave_pools, minmay_overflow_temple_hex,
          hangedman_decor_diamond_cutter
D:7:      layout_basic
D:8:      minmay_the_grid_four_pointed_star
          [minmay_the_grid_triangle_9x9_pentomino_pain,
          minmay_the_grid_triangle_9x9_shrine,
          minmay_the_grid_triangle_9x9_fully_insulated_deathbox,
          minmay_the_grid_triangle_9x9_zippers_vertical,
          minmay_the_grid_prize_big_room], layout_basic,
          nicolae_dithmenos_through_a_glass_darkly, lair_entry_dummy,
          basic_altar, nicolae_ossuary_entry_ruins, serial_glass,
          glass_columns_b, glass_columns_a, glass_columns_b, glass_columns_b,
          minmay_circle_x, uniq_psyche
Temple:   dshaligram_water_room_temple

Skill      XL: |  1  2  3  4  5  6  7  8  9 |
---------------+----------------------------+-----
Axes           | 3 4 5 6 9 11 | 11.7
Throwing       | 1 2 3 5 6 |  6.0
Fighting       | |  3.7
Dodging        | |  3.0
Shields        | |  3.7

Action                   |  1- 3 |  4- 6 |  7- 9 || total
-------------------------+-------+-------+-------++-------
Melee: War axe           |    59 |   129 |   292 ||   480
       Constrict         |    17 |    38 |    61 ||   116
       Tentacles         |     8 |    30 |    60 ||    98
Throw: Dart              |       |       |    20 ||    20
  Use: Potion            |       |     1 |     4 ||     5
       Scroll            |       |     8 |     9 ||    17
 Stab: Sleeping          |     2 |    11 |    14 ||    27
       Distracted        |       |     1 |     1 ||     2
Armor: Skin              |     5 |     3 |    12 ||    20
Dodge: Dodged            |    33 |    75 |   139 ||   247
Block: Kite shield       |    32 |    68 |   128 ||   228
